 Dungeon Crawl Stone Soup version 0.21.0-24-g2553a3340b (webtiles) character file.

31 Krosko the Skirmisher (level 3, -2/24 HPs)
             Began as a Gargoyle Fighter on Jan 21, 2018.
             Was an Initiate of Makhleb.
             Slain by an orc warrior
             ... wielding a cursed -1 halberd
              (7 damage)
             ... on level 2 of the Dungeon.
             The game lasted 00:02:59 (1057 turns).

Krosko the Skirmisher (Gargoyle Fighter)            Turns: 1057, Time: 00:03:00

Health: -2/24      AC: 10    Str: 20    XL:     3   Next: 22%
Magic:  3/3        EV:  7    Int:  8    God:    Makhleb [......]
Gold:   96         SH:  9    Dex:  9    Spells: 2/2 levels left

rFire    . . .     SeeInvis .   a - +0 flail
rCold    . . .     Gourm    .   c - +0 shield
rNeg     + . .     Faith    .   b - +0 scale mail
rPois    ∞         Spirit   .   (no helmet)
rElec    +         Reflect  .   (no cloak)
rCorr    .         Harm     .   (no gloves)
MR       .....                  (no boots)
Stlth    ..........             (no amulet)
HPRegen  0.08/turn              (no ring)
MPRegen  0.08/turn              (no ring)

@: no status effects
A: negative energy resistance 1, electricity resistance, unbreathing,
petrification resistance, rot immunity, AC +3
a: Renounce Religion


You were on level 2 of the Dungeon.
You worshipped Makhleb.
Makhleb was noncommittal.
You were hungry.

You visited 1 branch of the dungeon, and saw 2 of its levels.

You collected 96 gold pieces.

Inventory:

Hand Weapons
 a - a +0 flail (weapon)
Armour
 b - a +0 scale mail (worn)
 c - a +0 shield (worn)
Scrolls
 g - a scroll of noise {unknown}
 i - 2 scrolls of identify {unknown}
 j - 2 scrolls of teleportation {unknown}
 l - a scroll of remove curse {unknown}
 m - a scroll of fear {unknown}
Potions
 d - a potion of might
 e - a potion of cancellation {unknown}
 h - a potion of invisibility {unknown}
 k - a potion of flight {unknown}
Comestibles
 f - 3 rations


   Skills:
 + Level 4.7 Fighting
 - Level 2.0 Maces & Flails
 - Level 3.2 Armour
 - Level 3.2 Shields


You had 2 spell levels left.
You didn't know any spells.

Dungeon Overview and Level Annotations

Branches:
Dungeon (2/15)

Altars:
Ashenzari
Makhleb
Ru
Wu Jian
Zin


Innate Abilities, Weirdness & Mutations

You are resistant to torment.
Your stone body is resilient. (AC +3)
You are immune to poison.
You resist negative energy. (rN+)
You are resistant to electric shocks. (rElec)
You can survive without breathing.
You are immune to petrification.
You are immune to rotting.


Message History

You block the orc warrior's attack.
An adder comes into view.
There is an open door here.
You see here a leopard gecko corpse.
You are feeling hungry.
You block the orc warrior's attack.
There is an open door here.
Things that are here:
a club; a hobgoblin corpse
There is a stone staircase leading down here.
You miss the adder. The adder bites you.
* * * LOW HITPOINT WARNING * * *
You block the adder's attack.
You barely miss the adder. You block the adder's attack.
The adder barely misses you.
You closely miss the adder. The adder barely misses you.
The orc warrior hits you but does no damage.
You barely miss the adder. You block the adder's attack.
The orc warrior hits you from afar with an enchanted halberd!
You die...

#.......#...#
##.#####.....# ##+ ##.#
#.....# ##.. .#.#
###..#### #####.# ##...
...# #....# #.....###.
##....
...###....######.###.....
#.....
...+.....................
+.....
#..###....######.###....##
#..... '........## #@#
...# #.... ######)### #S#
#..# ##... #.# #o# #..#
##.† #.# #.######..# ##'
#.# #.....o...# #. #####.#
#########.# #. ##.....#
#####.#######. ##.#####
#.........##.. .#.#
#..[...S..#..)


You could see an orc warrior and an adder.

Vanquished Creatures
  A worm (D:2)
  A dart slug (D:2)
  A leopard gecko (D:2)
  3 goblins
  6 hobgoblins
  2 jackals (D:1)
  2 bats (D:1)
  5 kobolds
  2 rats (D:1)
23 creatures vanquished.

Notes
Turn   | Place    | Note
-------+----------+-------------------------------------------
     0 | D:1      | Krosko the Gargoyle Fighter began the quest for the Orb.
     0 | D:1      | Reached XP level 1. HP: 14/14 MP: 1/1
    82 | D:1      | Reached XP level 2. HP: 20/20 MP: 2/2
   190 | D:1      | Reached skill level 4 in Fighting
   663 | D:2      | Reached XP level 3. HP: 18/24 MP: 3/3
   873 | D:2      | Found a shattered altar of Ashenzari.
   873 | D:2      | Found a burning altar of Makhleb.
   878 | D:2      | Found a sacrificial altar of Ru.
   880 | D:2      | Found a glowing silver altar of Zin.
   882 | D:2      | Found an ornate altar of the Wu Jian Council.
   920 | D:2      | Became a worshipper of Makhleb the Destroyer
  1005 | D:2      | Noticed an orc warrior
  1057 | D:2      | Slain by an orc warrior

Skill      XL: |  1  2 |
---------------+-------+-----
Fighting       | 4 |  4.7
Maces & Flails | |  2.0
Armour         | |  3.2
Shields        | |  3.2

Action                   || total
-------------------------++-------
Melee: Flail             ||    84
Armor: Scale mail        ||    49
Dodge: Dodged            ||    26
Block: Shield            ||    55
